 Dungeon Crawl Stone Soup version 0.30-a0-269-gf0224bf7b6 (webtiles) character file.

Game seed: 4924076516432135851

749 wilfster70 the Stinger (level 7, -1/55 HPs)
             Began as a Naga Venom Mage on Oct 14, 2022.
             Slain by an iguana (12 damage)
             ... on level 5 of the Dungeon.
             The game lasted 00:18:20 (5613 turns).

wilfster70 the Stinger (Naga Venom Mage)            Turns: 5613, Time: 00:18:20

Health: -1/55      AC:  6    Str: 11    XL:     7   Next: 78%
Magic:  3/13       EV:  9    Int: 17    God:
Gold:   235        SH:  0    Dex: 11    Spells: 4/14 levels left

rFire   . . .      SeeInvis +    b - +1 mace (holy)
rCold   . . .      Faith    .    (no shield)
rNeg    . . .      Spirit   .    f - +1 robe
rPois   +          Reflect  .    (no helmet)
rElec   .          Harm     .    g - +1 cloak
rCorr   .          Rampage  .    (no gloves)
Will    .....                    (no barding)
Stlth   +++.......               c - amulet of the acrobat
HPRegen 0.29/turn                (no ring)
MPRegen 0.13/turn                (no ring)

@: very slow
A: AC +2, large, see invisible, deformed body, poison resistance, slowness 2,
spit poison 1, naga tail 1
a: Spit Poison


You were on level 5 of the Dungeon.
You visited 1 branch of the dungeon, and saw 5 of its levels.

You collected 235 gold pieces.

Inventory:

Hand Weapons
 a - a +1 dagger of venom
 b - a +1 mace of holy wrath (weapon)
 j - a +0 sling
Armour
 f - a +1 robe (worn)
 g - a +1 cloak (worn)
Jewellery
 c - an amulet of the acrobat (around neck)
Wands
 s - a wand of flame (29)
Scrolls
 m - 2 scrolls of immolation
 o - 3 scrolls of teleportation
Potions
 d - a potion of invisibility {unknown}
 e - a potion of might
 h - 2 potions of haste
 i - a potion of heal wounds {unknown}
 k - a potion of curing
 l - 2 potions of magic
 n - 2 potions of lignification {unknown}
 p - a potion of resistance {unknown}
 t - a potion of attraction {unknown}


   Skills:
 - Level 1.5 Dodging
 + Level 5.1 Stealth
 - Level 4.0 Spellcasting
 - Level 4.0 Conjurations
 - Level 1.0 Transmutations
 - Level 4.0 Air Magic
 - Level 6.0 Poison Magic


You had 4 spell levels left.
You knew the following spells:

 Your Spells              Type           Power      Damage    Failure   Level
a - Sting                 Tmut/Pois      60%        1d6       3%          1
b - Poisonous Vapours     Pois/Air       40%        N/A       3%          2
c - Mephitic Cloud        Conj/Pois/Air  19%        N/A       7%          3
d - Olgreb's Toxic Radia  Pois           23%        N/A       13%         4

Your spell library contained the following spells:

 Spells                   Type           Power      Damage    Failure   Level
 Summon Small Mammal      Summ           12%        N/A       16%         1
 Call Canine Familiar     Summ           3%         N/A       43%         3
 Summon Guardian Golem    Hex/Summ       3%         N/A       43%         3
 Irradiate                Conj/Tmut      5%         3d13      83%         5
 Blade Hands              Tmut           3%         N/A       96%         5
 Conjure Ball Lightning   Conj/Air       8%         3x3d6     99%         6
 Dragon Form              Tmut           3%         N/A       100%        7
 Discord                  Hex            1%         N/A       100%        8
 Disjunction              Tloc           1%         N/A       100%        8


Dungeon Overview and Level Annotations

Branches:
Dungeon (5/15)
 Temple: D:4-7

Altars:
Ru
Sif Muna
Uskayaw
Xom

Annotations:
D:4 2 transporters


Innate Abilities, Weirdness & Mutations

Your serpentine skin is tough. (AC +2)
You have supernaturally acute eyesight. (SInv)
Armour fits poorly on your strangely shaped body.
Your system is resistant to poisons. (rPois)
You cover ground very slowly.
You can spit poison.
You have a snake-like lower body.


Message History

The iguana barely misses you.
Casting: Poisonous Vapours (safe; 3% risk of failure)
Confirm with . or Enter, or press ? or * to list all spells.
Aiming: Poisonous Vapours (safe; 3% risk of failure)
Press: ? - help, Dir - move target, f/p - iguana
Aim: an iguana (poisoned) Poisonous vapours surround the iguana!
The iguana looks even sicker.
The iguana bites you.
Casting: Poisonous Vapours (safe; 3% risk of failure)
Confirm with . or Enter, or press ? or * to list all spells.
Aiming: Poisonous Vapours (safe; 3% risk of failure)
Press: ? - help, Dir - move target, f/p - iguana
Aim: an iguana (lightly wounded, very poisoned) Poisonous vapours surround the iguana!
The iguana looks as sick as possible!
The iguana bites you but does no damage.
Casting: Poisonous Vapours (safe; 3% risk of failure)
Confirm with . or Enter, or press ? or * to list all spells.
Aiming: Poisonous Vapours (safe; 3% risk of failure)
Press: ? - help, Dir - move target, f/p - iguana
Aim: an iguana (lightly wounded, extremely poisoned) Poisonous vapours surround the iguana!
The iguana looks as sick as possible!
The iguana hisses menacingly.
The iguana bites you but does no damage.
Casting: Poisonous Vapours (safe; 3% risk of failure)
Confirm with . or Enter, or press ? or * to list all spells.
Aiming: Sting (safe; 3% risk of failure)
Press: ? - help, Shift-Dir - straight line, f/p - iguana
Aim: an iguana (moderately wounded, extremely poisoned, 77% to hit)
The sting misses the iguana.
The iguana bites you!
* * * LOW HITPOINT WARNING * * *
Casting: Sting (safe; 3% risk of failure)
Confirm with . or Enter, or press ? or * to list all spells.
Aiming: Sting (safe; 3% risk of failure)
Press: ? - help, Shift-Dir - straight line, f/p - iguana
Aim: an iguana (heavily wounded, extremely poisoned, 77% to hit)
The sting hits the iguana but does no damage.
The iguana looks as sick as possible!
The iguana is heavily wounded.
The iguana bites you!
You die...

### ..#
######### #.#
#.......# # #.#
#.#####.# # #.#
#.# #@# #
#.########.###
#l# #
.............#
#.# #
..##...###.#.#
#.# **######
###.....##.#.#
#.# *.......
##...###.#,#*#.#
*.###### ##.##
#..,,,..#* *,* #
#?# ###,,,...#
*.# # #.#
*****#.# *.#


You could see an iguana (extremely poisoned).

Vanquished Creatures
  Eustachio (D:4)
  An ogre (D:4)
  A phantom (D:4)
  Blork the orc (D:4)
  3 hounds (D:5)
  A jelly (D:5)
  Crazy Yiuf (D:4)
  An iguana (D:5)
  Natasha (thrice) (D:2)
  Terence (D:2)
  4 adders
  A white imp (D:5)
  2 worms
  A dart slug (D:1)
  7 orcs
  9 endoplasms
  4 giant cockroaches
  5 goblins
  3 hobgoblins
  2 kobolds
  6 ball pythons
  4 bats
  5 frilled lizards
  9 rats
76 creatures vanquished.

Notes
Turn   | Place    | Note
-------+----------+-------------------------------------------
     0 | D:1      | wilfster70 the Naga Venom Mage began the quest for the Orb.
     0 | D:1      | Reached XP level 1. HP: 15/15 MP: 3/3
   338 | D:1      | Reached XP level 2. HP: 22/22 MP: 3/5
   343 | D:1      | Learned a level 2 spell: Poisonous Vapours
   621 | D:1      | Reached skill level 5 in Poison Magic
  1102 | D:2      | Reached XP level 3. HP: 19/28 MP: 0/6
  1106 | D:2      | Learned a level 3 spell: Mephitic Cloud
  1201 | D:2      | Noticed Natasha
  1205 | D:2      | Killed Natasha
  1206 | D:2      | Reached skill level 6 in Poison Magic
  1206 | D:2      | Reached XP level 4. HP: 26/36 MP: 0/7
  1314 | D:2      | Reached skill level 1 in Conjurations
  1392 | D:2      | Reached skill level 1 in Air Magic
  1520 | D:2      | Noticed Natasha
  1526 | D:2      | Killed Natasha
  1633 | D:2      | Noticed Terence
  1644 | D:2      | Killed Terence
  1645 | D:2      | Reached XP level 5. HP: 21/42 MP: 1/8
  1767 | D:2      | Noticed Natasha
  1940 | D:2      | Killed Natasha
  2221 | D:2      | You fall into a shaft and drop 2 floors!
  2310 | D:3      | Found a shimmering altar of Xom.
  2404 | D:3      | Found a shimmering blue altar of Sif Muna.
  3717 | D:4      | Noticed a phantom
  3737 | D:4      | Found a transporter.
  3752 | D:4      | Killed a phantom
  3753 | D:4      | Reached XP level 6. HP: 11/49 MP: 9/9
  3979 | D:4      | Noticed Blork the orc
  3992 | D:4      | Noticed Eustachio
  4006 | D:4      | Killed Eustachio
  4080 | D:4      | Killed Blork the orc
  4081 | D:4      | Reached XP level 7. HP: 45/55 MP: 0/11
  4211 | D:4      | Found a runed translucent door.
  4212 | D:4      | Noticed Crazy Yiuf
  4224 | D:4      | Killed Crazy Yiuf
  4375 | D:4      | Learned a level 4 spell: Olgreb's Toxic Radiance
  4402 | D:4      | Found a transporter.
  4710 | D:4      | Found a transporter.
  4994 | D:5      | Entered Level 5 of the Dungeon
  5181 | D:5      | Found a hide-covered altar of Uskayaw.
  5462 | D:5      | Found a sacrificial altar of Ru.
  5608 | D:5      | Reached skill level 5 in Stealth
  5613 | D:5      | Slain by an iguana

Illustrated notes

Levels and vault maps discovered:
D:1:      dpeg_arrival_yet_another_circle, layout_basic,
          hangedman_decor_diamond_cutter
D:2:      layout_loops_ring, roderic_serpentine_path, uniq_natasha, uniq_terence
D:3:      layout_basic, marbit_many_paths, mainiacjoe_overflow_surrounded_room
D:4:      gammafunk_steamed_eel, layout_basic, uniq_eustachio,
          uniq_blork_the_orc, uniq_crazy_yiuf_cottage
D:5:      layout_loops_corners, mainiacjoe_overflow_small_starburst,
          pdpol_wu_jian_five_deadly_venoms, kennysheep_mini_moat

Skill      XL: |  1  2  3  4  5  6  7 |
---------------+----------------------+-----
Poison Magic   | 5 6 |  6.0
Conjurations   | 1 3 4 |  4.0
Air Magic      | 1 3 4 |  4.0
Spellcasting   | 4 |  4.0
Stealth        | 5 |  5.1
Dodging        | |  1.5
Transmutations | |  1.0

Action                   |  1- 3 |  4- 6 |  7- 9 || total
-------------------------+-------+-------+-------++-------
Melee: Unarmed           |    12 |       |       ||    12
       Dagger            |    11 |    54 |       ||    65
       Mace              |       |    30 |    21 ||    51
       Punch             |       |     1 |       ||     1
 Cast: Sting             |    16 |    31 |    17 ||    64
       Poisonous Vapours |    11 |    50 |    31 ||    92
       Mephitic Cloud    |       |     1 |       ||     1
 Abil: Spit Poison       |    11 |    10 |     2 ||    23
  Use: Scroll            |     2 |     6 |     3 ||    11
       Potion            |       |     4 |       ||     4
 Stab: Sleeping          |     1 |     1 |       ||     2
       Confused          |       |     1 |       ||     1
Armor: Robe              |     1 |    18 |    13 ||    32
Dodge: Dodged            |    18 |    59 |    27 ||   104

Table legend: (Time is in decaauts)
 A = Elapsed time spent in this place.
 B = Non-inter-level travel time spent in this place.
 C = Inter-level travel time spent in this place.
 D = Time resting spent in this place.
 E = Time spent auto-exploring this place.
 F = Levels seen in this place.
 G = Mean time per level.
                   A        B        C        D        E       F      G
               +--------+--------+--------+--------+--------+-----+--------+
         Total |   6867 |   6709 |    158 |   1999 |   2447 |   5 | 1373.4 |
       Dungeon |   6867 |   6709 |    158 |   1999 |   2447 |   5 | 1373.4 |
               +--------+--------+--------+--------+--------+-----+--------+

Top non-repeatable levels by time:
     D:2: 2051 daAuts
     D:3: 1402 daAuts
     D:4: 1397 daAuts
     D:1: 1298 daAuts
     D:5: 716 daAuts
